 Dungeon Crawl Stone Soup version 0.23.2-40-g277498a001 (webtiles) character file.

Game seed: 14490871884570015295

14372 Descartes the Thaumaturge (level 12, 0/89 HPs)
             Began as a Formicid Earth Elementalist on Aug 27, 2019.
             Was an Elder of Dithmenos.
             Slain by a salamander mystic
             ... wielding a +2 dagger of freezing
              (1 damage)
             ... in a volcano on Aug 28, 2019.
             The game lasted 01:24:15 (17846 turns).

Descartes the Thaumaturge (FoEE)                   Turns: 17846, Time: 01:24:15

Health: 0/89       AC:  9    Str: 20    XL:     12   Next: 44%
Magic:  24/34      EV: 16    Int: 18    God:    Dithmenos [****..]
Gold:   328        SH:  4    Dex: 11    Spells: 6/29 levels left

rFire    . . .     SeeInvis +   A - +2 falchion (slice)
rCold    . . .     Gourm    .   n - +0 buckler
rNeg     . . .     Faith    .   X - +2 ring mail of Fedhas's Delight {rCorr Str+3 SInv}
rPois    .         Spirit   .   (helmet unavailable)
rElec    .         Reflect  .   (no cloak)
rCorr    +         Harm     .   g - +0 pair of gloves
MR       +....                  (no boots)
Stlth    ++++......             e - amulet of magic regeneration
HPRegen  0.24/turn              w - ring of magical power
MPRegen  0.49/turn              a - +3 ring of evasion

@: very slightly contaminated, wreathed by umbra, lightly drained
A: permanent stasis, dig shafts and tunnels, four strong arms, antennae 3,
clever 1, mutation resistance 1, screaming 1
a: Dig, Shaft Self, Shadow Step, Renounce Religion


You were in a volcano.
You worshipped Dithmenos.
Dithmenos was greatly pleased with you.
You were hungry.

You visited 3 branches of the dungeon, and saw 15 of its levels.
You also visited: Ossuary and Volcano.

You collected 734 gold pieces.
You spent 406 gold pieces at shops.

Inventory:

Hand Weapons
 f - a +1 dagger of draining
 p - a +1 dagger of speed
 r - a +3 dagger
 A - a +2 falchion of slicing (weapon)
 C - a +2 mace of crushing
 K - a +2 short sword of electrocution
 L - a +0 great sword
 N - a +0 blowgun
 U - a +2 short sword of venom
Missiles
 b - 165 stones
 j - 215 arrows
 k - 5 javelins (quivered)
 t - 8 tomahawks
 u - 49 poisoned needles
Armour
 g - a +0 pair of gloves (worn)
 n - a +0 buckler (worn)
 Q - the +0 chain mail "Baonwowo" {MR+ Str+2 Int+3}
   (You found it on level 10 of the Dungeon)

   It affects your strength (+2).
   It affects your intelligence (+3).
   It affects your resistance to hostile enchantments.
 V - a +1 robe of positive energy
 X - the +2 ring mail of Fedhas's Delight (worn) {rCorr Str+3 SInv}
   (You bought it in a shop on level 11 of the Dungeon)

   It affects your strength (+3).
   It lets you see invisible.
   It provides partial protection from all sources of acid and corrosion.
Magical Staves
 o - an uncursed staff of conjuration
Jewellery
 a - a +3 ring of evasion (right hand)
 e - an amulet of magic regeneration (around neck)
 w - a ring of magical power (left hand)
 T - a +6 ring of intelligence
Wands
 J - a wand of random effects (14)
 Y - a wand of flame (28)
Scrolls
 q - a scroll of holy word {unknown}
 y - a scroll of brand weapon {unknown}
 z - 3 scrolls of amnesia
 D - 2 scrolls of enchant weapon
 E - 2 scrolls of fog
 F - 6 scrolls of immolation
 O - a scroll of noise {unknown}
 R - a scroll of fear {unknown}
 S - 2 scrolls of enchant armour {unknown}
 W - a scroll of remove curse
Potions
 l - 4 potions of lignification
 m - 2 potions of heal wounds
 s - 13 potions of curing
 v - a potion of invisibility
 x - 5 potions of agility
 B - 3 potions of flight
 G - a potion of might
 H - a potion of brilliance
 I - a potion of ambrosia
Miscellaneous
 c - a crystal ball of energy
 Z - a fan of gales
Comestibles
 d - 22 rations
 h - 2 chunks of flesh


   Skills:
 + Level 6.4(5.8) Fighting
 + Level 6.5(5.9) Armour
 + Level 5.9(5.3) Dodging
 + Level 8.3(7.7) Stealth
 - Level 2.4(1.9) Shields
 * Level 9.1(8.4) Spellcasting
 + Level 5.3(4.7) Conjurations
 + Level 4.0(3.5) Hexes
 + Level 6.1(5.5) Transmutations
 + Level 8.2(7.6) Earth Magic
 + Level 6.1(5.5) Invocations
 + Level 1.5(0.9) Evocations


You had 6 spell levels left.
You knew the following spells:

 Your Spells              Type           Power        Failure   Level  Hunger
a - Sandblast             Erth           #####.       1%          1    None
b - Dazzling Spray        Conj/Hex       ###...       10%         3    None
c - Confuse               Hex            ###.....     12%         3    None
d - Lee's Rapid Deconstr  Erth           #####.....   21%         5    #####..
e - Petrify               Tmut/Erth      ####....     11%         4    ###....
f - Passwall              Tmut/Erth      ####....     1%          2    None
g - Stone Arrow           Conj/Erth      ####..       4%          3    None
h - Ensorcelled Hibernat  Hex/Ice        ##....       12%         2    None

Your spell library contained the following spells:

 Spells                   Type           Power        Failure   Level  Hunger
 Corona                   Hex            ###....      4%          1    None
 Tukima's Dance           Hex            ###.....     12%         3    None


Dungeon Overview and Level Annotations

Branches:
Dungeon (13/15)            Temple (1/1) D:5            Lair (1/6) D:11
    Orc (0/2) D:9
 Vaults: D:13-14

Altars:
Ashenzari
Cheibriados
Dithmenos
Elyvilon
Fedhas
Gozag
Hepliaklqana
Kikubaaqudgha
Makhleb
Nemelex Xobeh
Okawaru
Qazlal
Ru
Sif Muna
Trog
Uskayaw
Vehumet
Wu Jian
Xom
Yredelemnul
Zin
The Shining One
Beogh

Shops:
D:8 [   D:9 *   D:11 %:([*

Annotations:
D:8 1 runed translucent door, topfpfpflanze's ghost, novice CeTm


Innate Abilities, Weirdness & Mutations

You cannot be hasted, slowed, berserked, paralysed or teleported.
You can dig through walls and to a lower floor.
Your four strong arms can wield two-handed weapons with a shield.
You have a pair of large antennae on your head. (SInv)
Your mind is acute. (Int +2)
You are somewhat resistant to further mutation.
You occasionally shout uncontrollably at your foes.


Message History

Press: ? - help, Shift-Dir - straight line, f/p - salamander mystic
Aim: a salamander mystic, wielding a +2 dagger of freezing and wearing a +0 robe (moderately wounded, umbra)
The blast of sand hits the salamander mystic but does no damage.
The salamander mystic is moderately wounded.
b - 166 stones The salamander mystic hits you but does no damage.
Casting: Sandblast (safe; 1% risk of failure)
Confirm with . or Enter, or press ? or * to list all spells.
Aiming: Sandblast (safe; 1% risk of failure)
Press: ? - help, Shift-Dir - straight line, f/p - salamander mystic
Aim: a salamander mystic, wielding a +2 dagger of freezing and wearing a +0 robe (moderately wounded, umbra)
The blast of sand hits the salamander mystic.
The salamander mystic is heavily wounded.
b - 165 stones The salamander mystic hits you with a +2 dagger of freezing.
* * * LOW HITPOINT WARNING * * *
You are engulfed in flames!
* * * LOW HITPOINT WARNING * * *
The salamander mystic freezes you.
You die...

.....§≈≈≈§≈§§≈≈.....# #☼○
....≈§≈§§≈§§§§.....## #≈≈≈
...§≈≈≈≈≈§≈≈§≈≈.....# ##§§.≈
...§≈≈≈≈≈≈≈§§......## #§.§..
...§§.§≈)§§≈§.......#####∩....
#....§....§.....##..##.∩....
#######.##..########.......#
#####.# ######### #@# ##N$$#
.§§# )§§§. .≈≈§## ≈≈≈## #§§#
§##


You could see a salamander mystic.

Vanquished Creatures
  3 two-headed ogres
  Nergalle (D:11)
  2 salamanders (Volcano)
  An ugly thing (D:12)
  A troll (D:12)
  4 slime creatures (D:11)
  A hippogriff (D:11)
  7 yaks
  A spriggan (D:8)
  5 wyverns
  A wraith (D:6)
  Grum (D:11)
  A steam dragon (D:11)
  The ghost of Varekei the Poker, an amateur MfSk (D:6)
  3 hungry ghosts (D:9)
  Menkaure (D:4)
  A water moccasin (D:7)
  A porcupine (Lair:1)
  Duvessa (D:7)
  An ice beast (D:10)
  6 sky beasts
  2 orc warriors (D:11)
  An eye of draining (D:11)
  A black bear (D:11)
  3 phantoms
  8 ogres
  2 necrophages
  4 wolves
  7 centaurs
  A crocodile (D:9)
  2 big kobolds
  7 bullfrogs
  Dowan (D:7)
  A wyvern skeleton (D:12)
  3 scorpions
  9 killer bees
  A troll zombie (D:9)
  6 howler monkeys
  3 crimson imps (D:9)
  2 quasits
  5 centaur zombies
  2 bullfrog zombies (D:12)
  6 hounds
  3 bullfrog skeletons
  6 jellies
  8 orc priests
  3 centaur skeletons
  Jessica (D:2)
  An iguana (D:8)
  11 orc wizards
  6 worker ants
  2 killer bee zombies (D:8)
  4 big kobold zombies (Ossuary)
  A centaur simulacrum (D:6)
  5 ogre zombies (D:9)
  A hound zombie (D:8)
  A hound skeleton (D:9)
  4 mummies (Ossuary)
  A worker ant zombie (D:6)
  A howler monkey zombie (D:6)
  3 gnolls (D:4)
  14 adders
  3 shadow imps
  2 oozes
  2 adder skeletons
  A worm (D:2)
  8 dart slugs
  3 leopard geckos
  19 orcs
  4 giant cockroaches
  5 goblins
  2 hobgoblins
  4 jackals (D:3)
  18 kobolds
  6 quokkas
  6 bats
  4 frilled lizards
  3 goblin zombies
  A hobgoblin skeleton (D:9)
  4 hobgoblin zombies (D:9)
  2 leopard gecko skeletons (D:4)
  2 orc skeletons (D:9)
  11 orc zombies
  A quokka zombie (D:5)
  8 rats
316 creatures vanquished.

Notes
Turn   | Place    | Note
-------+----------+-------------------------------------------
     0 | D:1      | Descartes the Formicid Earth Elementalist began the quest
                  | for the Orb.
     0 | D:1      | Reached XP level 1. HP: 13/13 MP: 3/3
   217 | D:1      | Reached XP level 2. HP: 16/20 MP: 5/5
   686 | D:2      | Noticed Jessica
   694 | D:2      | Killed Jessica
   694 | D:2      | Reached skill level 1 in Fighting
   694 | D:2      | Reached XP level 3. HP: 24/26 MP: 1/7
  1157 | D:2      | Reached skill level 1 in Armour
  1223 | D:2      | Reached XP level 4. HP: 31/32 MP: 6/8
  1242 | D:2      | Gained mutation: Your mind is acute. (Int +2) [potion of
                  | mutation]
  1242 | D:2      | Gained mutation: You occasionally shout uncontrollably at
                  | your foes. [potion of mutation]
  1242 | D:2      | Gained mutation: You are somewhat resistant to further
                  | mutation. [potion of mutation]
  1398 | D:2      | Reached skill level 3 in Spellcasting
  1619 | D:2      | Reached skill level 1 in Shields
  1644 | D:2      | Found a faded altar of an unknown god.
  1764 | D:2      | Learned a level 3 spell: Stone Arrow
  1767 | D:2      | Learned a level 2 spell: Passwall
  2134 | D:3      | Reached XP level 5. HP: 37/37 MP: 9/9
  3015 | D:4      | Found a hazy altar of Hepliaklqana.
  3053 | D:4      | Reached XP level 6. HP: 27/44 MP: 2/11
  3326 | D:4      | Found a roughly hewn altar of Beogh.
  3328 | D:4      | Noticed Menkaure
  3354 | D:4      | Killed Menkaure
  3354 | D:4      | Reached skill level 1 in Conjurations
  3354 | D:4      | Reached XP level 7. HP: 37/50 MP: 1/12
  3727 | D:4      | Reached skill level 4 in Spellcasting
  4111 | D:4      | Learned a level 5 spell: Lee's Rapid Deconstruction
  4302 | D:4      | Reached XP level 8. HP: 47/57 MP: 14/14
  4620 | D:5      | Entered Level 5 of the Dungeon
  4891 | D:5      | Reached skill level 5 in Earth Magic
  5587 | D:5      | Found a staircase to the Ecumenical Temple.
  5596 | Temple   | Entered the Ecumenical Temple
  5602 | Temple   | Became a worshipper of Dithmenos the Shadowed
  5801 | D:5      | Reached skill level 5 in Spellcasting
  6427 | D:6      | Reached skill level 5 in Stealth
  6427 | D:6      | Reached skill level 1 in Invocations
  6427 | D:6      | Reached XP level 9. HP: 64/64 MP: 17/17
  6509 | D:6      | Found a transporter.
  6512 | D:6      | Noticed Varekei's ghost (amateur MfSk)
  6840 | D:6      | Found a transporter.
  7053 | D:7      | Noticed Duvessa
  7053 | D:7      | Noticed Dowan
  7106 | D:7      | Found a sand-covered staircase.
  7113 | D:7      | Killed Duvessa
  7121 | D:7      | Killed Dowan
  7121 | D:7      | Reached * piety under Dithmenos
  7135 | Ossuary  | Entered an ossuary
  7194 | Ossuary  | Reached skill level 6 in Spellcasting
  8131 | D:8      | Found a runed translucent door.
  8131 | D:8      | Noticed topfpfpflanze's ghost (novice CeTm)
  8172 | D:8      | Found Puanoc's Antique Armour Emporium.
  8417 | D:8      | Reached XP level 10. HP: 58/72 MP: 19/19
  9479 | D:8      | Reached ** piety under Dithmenos
  9973 | D:9      | Learned a level 4 spell: Petrify
 10020 | D:9      | Found a staircase to the Orcish Mines.
 10023 | D:9      | Reached skill level 7 in Spellcasting
 10180 | D:9      | Reached skill level 5 in Armour
 10474 | D:9      | Reached skill level 5 in Fighting
 10476 | D:9      | Reached *** piety under Dithmenos
 10794 | D:9      | Reached skill level 5 in Transmutations
 10802 | D:9      | Learned a level 3 spell: Confuse
 10806 | D:9      | Learned a level 3 spell: Dazzling Spray
 10809 | D:9      | Learned a level 2 spell: Ensorcelled Hibernation
 11239 | D:9      | Reached skill level 1 in Hexes
 11239 | D:9      | Reached XP level 11. HP: 70/80 MP: 22/22
 11374 | D:9      | Found Remuzes's General Store.
 11382 | D:9      | Bought a potion of flight for 45 gold pieces
 11382 | D:9      | Bought 2 scrolls of remove curse for 90 gold pieces
 11694 | D:6      | Killed Varekei's ghost
 11694 | D:6      | Reached skill level 5 in Dodging
 12212 | D:9      | Found a staircase to the Orcish Mines.
 12379 | D:9      | Found Remuzes's General Store.
 12520 | D:10     | Entered Level 10 of the Dungeon
 12868 | D:10     | Got a faintly humming chain mail
 12881 | D:10     | Identified the cursed +0 chain mail "Baonwowo" {MR+ Str+2
                  | Int+3} (You found it on level 10 of the Dungeon)
 13305 | D:11     | Noticed a two-headed ogre
 13312 | D:10     | Reached **** piety under Dithmenos
 13312 | D:10     | Reached skill level 8 in Spellcasting
 13475 | D:11     | Found Naeteras's Food Boutique.
 13486 | D:11     | Found a staircase to the Lair.
 13514 | D:11     | Found Ximmaotog's Book Emporium.
 13535 | D:11     | Found Wustraloi's Antique Weapon Emporium.
 13775 | D:11     | Reached skill level 5 in Invocations
 14261 | D:11     | Noticed Grum
 14263 | D:11     | Killed Grum
 14614 | D:10     | HP: 4/81 [orc priest/divine providence (14)]
 14986 | D:11     | Found Ufil's Antique Armour Emporium.
 14999 | D:11     | Bought an encrusted ring mail for 243 gold pieces
 15022 | D:11     | Identified the +2 ring mail of Fedhas's Delight {rCorr
                  | Str+3 SInv} (You bought it in a shop on level 11 of the
                  | Dungeon)
 15113 | D:11     | Noticed a two-headed ogre
 15123 | D:11     | Noticed a two-headed ogre
 15209 | D:10     | Killed a two-headed ogre
 15243 | D:11     | Killed a two-headed ogre
 15243 | D:11     | Reached skill level 5 in Conjurations
 15389 | D:11     | Found Somosilaap's General Store.
 15392 | D:11     | Bought a scroll of identify for 28 gold pieces
 15667 | D:12     | Noticed a cyan ugly thing
 15682 | D:12     | Killed a cyan ugly thing
 15682 | D:12     | Reached XP level 12. HP: 88/88 MP: 16/24
 15997 | D:12     | Found a blossoming altar of Fedhas.
 16176 | D:11     | Killed a two-headed ogre
 17129 | Lair:1   | Entered Level 1 of the Lair of Beasts
 17134 | Lair:1   | Noticed Nergalle
 17372 | Lair:1   | Reached skill level 1 in Evocations
 17405 | D:11     | Killed Nergalle
 17698 | Lair:1   | Reached skill level 9 in Spellcasting
 17790 | Lair:1   | Found a dark tunnel.
 17798 | Volcano  | Entered a volcano
 17839 | Volcano  | Noticed a salamander mystic
 17846 | Volcano  | HP: 1/89 [salamander mystic/+2 dagger of freezing (14)]
 17846 | Volcano  | Slain by a salamander mystic

Skill      XL: |  1  2  3  4  5  6  7  8  9 10 11 12 |
---------------+-------------------------------------+-----
Fighting       | 1 2 3 4 5 6 |  6.4
Dodging        | 2 3 4 5 |  5.9
Armour         | 1 2 3 4 5 6 |  6.5
Earth Magic    | 4 5 6 7 8 |  8.2
Stealth        | 3 4 5 7 8 |  8.3
Spellcasting   | 3 4 5 6 7 8 9 |  9.1
Shields        | 1 2 |  2.4
Conjurations   | 1 2 3 4 5 |  5.3
Transmutations | 2 3 4 5 6 |  6.1
Invocations    | 1 2 4 5 6 |  6.1
Hexes          | 1 3 4 |  4.0
Evocations     | 1 |  1.5

Action                   |  1- 3 |  4- 6 |  7- 9 | 10-12 || total
-------------------------+-------+-------+-------+-------++-------
Melee: Dagger            |    49 |       |       |       ||    49
       Whip              |       |   167 |    56 |       ||   223
       Falchion          |       |       |   162 |   102 ||   264
Throw: Javelin           |       |     3 |       |       ||     3
 Cast: Sandblast         |     7 |    46 |    76 |   312 ||   441
       Stone Arrow       |       |    14 |    51 |   108 ||   173
       Lee's Rapid Decon |       |       |       |     3 ||     3
       Dazzling Spray    |       |       |       |    29 ||    29
 Abil: Dig               |       |     2 |     2 |    12 ||    16
  Use: Scroll            |       |    10 |     6 |     6 ||    22
       Potion            |       |     2 |       |     4 ||     6
 Stab: Sleeping          |     3 |     4 |    11 |     1 ||    19
       Distracted        |       |       |     1 |     1 ||     2
  Eat: Chunk             |     1 |     8 |    17 |    25 ||    51
       Ration            |       |       |     1 |     3 ||     4
Armor: Robe              |     9 |     8 |       |       ||    17
       Leather armour    |       |    59 |    25 |    22 ||   106
       Chain mail        |       |       |       |    22 ||    22
       Ring mail         |       |       |       |    22 ||    22
Dodge: Dodged            |    23 |   142 |   193 |   284 ||   642
Block: Buckler           |     1 |    41 |    37 |    68 ||   147
       Rpst.: Falchion   |       |       |    50 |    81 ||   131
